 Dungeon Sprint DCSS version 0.21-a0-221-gfe971b9 (webtiles) character file.

108 IDKthis2c the Magician (level 4, -4/37 HPs)
             Began as a Draconian Wizard on Aug 24, 2017.
             Was an Initiate of Ru.
             Slain by a deep elf archer
             ... wielding a +0 dagger
             ... summoned by a worldbinder
              (17 damage)
             ... in the Dungeon (Sprint V: "Ziggurat Sprint").
             The game lasted 00:09:59 (348 turns).

IDKthis2c the Magician (Draconian Wizard)            Turns: 348, Time: 00:10:00

Health: -4/37      AC:  6    Str: 10    XL:     4   Next: 58%
Magic:  17/18      EV: 13    Int: 37    God:    Ru [......]
Gold:   0          SH:  0    Dex:  9    Spells: 3/16 levels left

rFire    . . .     SeeInvis .   u - +6 Majin-Bo {vamp, Archmagi MP+6 Int+6}
rCold    . . .     Gourm    .   (shield currently unavailable)
rNeg     + . .     Faith    .   (armour unavailable)
rPois    .         Spirit   .   a - +0 hat
rElec    .         Reflect  .   P - +0 cloak of Dogma {rN+}
rCorr    .         Harm     .   (no gloves)
MR       .....     NoTele   +   (no boots)
Stlth    ++........             (no amulet)
HPRegen  0.12/turn              z - +6 ring of intelligence
MPRegen  0.16/turn              y - +6 ring of intelligence

@: slowed, very slow
A: unfitting armour, cold-blooded, AC +5
a: Renounce Religion


You were in the Dungeon.
You worshipped Ru.
Ru was noncommittal.
You were not hungry.

You visited 1 branch

Inventory:

Hand Weapons
 u - the +6 Majin-Bo (weapon) {vamp, Archmagi MP+6 Int+6}
   (You found it in the Dungeon)

   It inflicts no extra harm, but heals its wielder when it wounds a living foe.
   It affects your intelligence (+6).
   It affects your magic capacity (+6).
 N - a +5 lajatang
Armour
 a - a +0 hat (worn)
 P - the +0 cloak of Dogma (worn) {rN+}
   (You found it in the Dungeon)

   It protects you from negative energy.
Magical Staves
 D - an uncursed staff of energy
 K - an uncursed staff of power
Jewellery
 w - a +6 ring of dexterity
 x - a +6 ring of dexterity
 y - a +6 ring of intelligence (right hand)
 z - a +6 ring of intelligence (left hand)
 A - a +6 ring of strength
 B - a +6 ring of strength
 C - an uncursed ring of flight
 R - an uncursed ring of stealth
Wands
 j - a wand of disintegration (7/24)
 k - a wand of iceblast (5/15)
 l - a wand of lightning (5/15)
 m - a wand of acid (5/15)
Scrolls
 i - 4 scrolls of blinking
 n - 4 scrolls of amnesia
 o - 3 scrolls of recharging
 p - 7 scrolls of fog
 r - 5 scrolls of identify
 s - 5 scrolls of remove curse
 t - 2 scrolls of fear
Potions
 d - 9 potions of curing
 e - 8 potions of heal wounds
 f - 6 potions of haste
 g - 7 potions of magic
 h - 3 potions of berserk rage
 H - 2 potions of brilliance
 I - 2 potions of invisibility
 J - 4 potions of resistance
 L - 5 potions of agility
 M - 5 potions of might
Books
 b - a book of Minor Magic

   Spells                             Type                      Level
   a - Magic Dart                     Conjuration                  1
   b - Blink                          Translocation                2
   c - Call Imp                       Summoning                    2
   d - Slow                           Hexes                        2
   e - Conjure Flame                  Conjuration/Fire             3
   f - Mephitic Cloud                 Conjuration/Poison/Air       3
Miscellaneous
 v - a lightning rod (3/4)
 E - a crystal ball of energy
Comestibles
 c - 5 bread rations
 F - 40 fruits
 G - 4 meat rations
 O - 5 chunks of flesh
 Q - 3 royal jellies


   Skills:
 + Level 2.9 Fighting
 + Level 2.5 Staves
 + Level 4.1 Dodging
 + Level 3.7 Stealth
 + Level 6.9 Spellcasting
 + Level 3.1 Conjurations
 + Level 1.1 Summonings
 + Level 1.0 Translocations
 + Level 2.4 Evocations


You had 3 spell levels left.
You knew the following spells:

 Your Spells              Type           Power        Failure   Level  Hunger
a - Magic Dart            Conj           ####         1%          1    None
b - Blink                 Tloc           N/A          3%          2    None
c - Call Imp              Summ           ####....     2%          2    None
d - Slow                  Hex            ###.....     4%          2    None
e - Conjure Flame         Conj/Fire      #####...     4%          3    None
f - Mephitic Cloud        Conj/Pois/Air  ####....     6%          3    None


Dungeon Overview and Level Annotations

Branches:
Dungeon (1/1)

Altars:
Ashenzari
Cheibriados
Dithmenos
Elyvilon
Fedhas
Gozag
Hepliaklqana
Kikubaaqudgha
Makhleb
Nemelex Xobeh
Okawaru
Qazlal
Ru
Sif Muna
Trog
Uskayaw
Vehumet
Wu Jian
Xom
Yredelemnul
Zin
The Shining One
Beogh
Jiyva
Lugonu

Annotations:
D 1 transporter


Innate Abilities, Weirdness & Mutations

Your plain brown scales are hard. (AC +5)
You cannot fit into any form of body armour.
You are cold-blooded and may be slowed by cold attacks.


Message History

Unknown command.
Press: ? - help, v - describe, . - travel
Here: a worldbinder The floor.
Level annotation: 1 transporter Welcome back, IDKthis2c the Draconian Wizard.
Ru says: Sacrifice that you might gain great power!
Press ? for a list of commands and other information.
Aiming: Thunderbolt
Press: ? - help, Shift-Dir - straight line, f - worldbinder
Aim: a worldbinder The thunderbolt hits the worldbinder.
The worldbinder is heavily damaged.
The worldbinder barely misses you.
The worldbinder hits you but does no damage.
The worldbinder closely misses you. x2
The deep elf mage casts a spell.
The deep elf mage blinks!
The deep elf archer hits you with an uncursed dagger!
You die...

▓▓▓▓▓▓▓▓▓▓▓▓▓▓▓▓▓▓▓
▓.8©8.▓.8©8.▓.8©8.▓
▓.):|.▓.....▓.....▓
▓.§e..▓.....▓.).[.▓
▓...e.▓.....▓.....▓
▓.....▓.....▓..)..▓
▓..ex.▓.....▓..©..▓
▓..@..▓..©..▓▓▓▓▓▓▓
▓▓▓▓▓▓▓▓▓▓▓▓▓


You could see a deep elf archer, 2 deep elf magi and a worldbinder.

Vanquished Creatures
  An orc wizard (D)
  An orc priest (D)
  2 adders (D)
  A white imp (D)
  2 ufetubi (D)
7 creatures vanquished.

Vanquished Creatures (others)
  An adder (D)
1 creature vanquished.

Grand Total: 8 creatures vanquished

Notes
Turn   | Place    | Note
-------+----------+-------------------------------------------
     0 | D        | Found the +6 Majin-Bo {vamp, Archmagi MP+6 Int+6}
     0 | D        | Found the +7 great mace "Firestarter" {inner flame, rF++}
     0 | D        | IDKthis2c the Draconian Wizard began the quest for the Orb.
     0 | D        | Reached XP level 1. HP: 14/14 MP: 4/4
     0 | D        | Found a deep blue altar of Sif Muna.
     0 | D        | Found a bloodstained altar of Trog.
     0 | D        | Found a sacrificial altar of Ru.
     0 | D        | Found a stormy altar of Qazlal.
     0 | D        | Found an iron altar of Okawaru.
     4 | D        | Found a sparkling altar of Nemelex Xobeh.
     6 | D        | Found a corrupted altar of Lugonu.
     6 | D        | Found an ancient bone altar of Kikubaaqudgha.
     6 | D        | Found a burning altar of Makhleb.
     6 | D        | Found a transporter.
     6 | D        | Found a viscous altar of Jiyva.
     6 | D        | Found a hazy altar of Hepliaklqana.
    13 | D        | Became a worshipper of Ru the Awakened
    21 | D        | Found an opulent altar of Gozag.
    22 | D        | Found a blossoming altar of Fedhas.
    35 | D        | Found the +9 heavy crossbow "Sniper" {velocity, Acc+∞ SInv}
    35 | D        | Found the +10 dark maul {crush}
    35 | D        | Found the +15 Maxwell's patent armour {-Cast -Tele rElec MR+ rCorr}
    35 | D        | Found the +18 shield of the Gong {rElec rN+ MR+ EV-5}
    35 | D        | Found the cursed +14 obsidian axe {chop, +Fly SInv *Curse}
    43 | D        | Found the +6 shillelagh "Devastator" {shatter}
    43 | D        | Found the +11 plutonium sword {*Contam Stlth-}
    43 | D        | Found the +8 lance "Wyrmbane" {slay drac, rPois rF+ rC+ AC+3}
    43 | D        | Found the +9 sword of Zonguldrok {reap}
    43 | D        | Found the cursed +13 scythe of Curses {drain, *Curse}
    43 | D        | Found the +0 sword of Power
    43 | D        | Found the +0 mace of Variability {chaos}
    43 | D        | Found the +7 Singing Sword
    43 | D        | Found the +7 longbow "Piercer" {penet, EV-2}
   146 | D        | Reached XP level 2. HP: 25/25 MP: 6/6
   150 | D        | Learned a level 2 spell: Blink
   153 | D        | Learned a level 2 spell: Call Imp
   156 | D        | Learned a level 2 spell: Slow
   162 | D        | Entered arena 2.
   162 | D        | Found a transporter.
   170 | D        | Reached skill level 5 in Spellcasting
   170 | D        | Reached XP level 3. HP: 30/30 MP: 9/9
   191 | D        | Learned a level 3 spell: Conjure Flame
   195 | D        | Learned a level 3 spell: Mephitic Cloud
   219 | D        | Entered arena 3.
   219 | D        | Found a transporter.
   226 | D        | Reached skill level 6 in Spellcasting
   226 | D        | Reached XP level 4. HP: 27/37 MP: 6/12
   235 | D        | Got the +0 cloak of Dogma {rN+}
   342 | D        | Entered arena 4.
   342 | D        | Noticed a worldbinder
   342 | D        | Found a transporter.
   344 | D        | Noticed a deep elf knight
   344 | D        | Noticed a deep elf mage
   344 | D        | Noticed a deep elf mage
   344 | D        | Noticed a deep elf archer
   348 | D        | Slain by a deep elf archer

Vault maps used:
D:        sprint_v

Skill      XL: |  1  2  3  4 |
---------------+-------------+-----
Fighting       | 2 |  2.9
Staves         | 2 |  2.5
Dodging        | 2 3 4 |  4.1
Stealth        | 3 |  3.7
Conjurations   | 2 3 |  3.1
Evocations     | 2 |  2.4
Spellcasting   | 5 6 |  6.9
Summonings     | |  1.1
Translocations | |  1.0

Action                   |  1- 3 |  4- 6 || total
-------------------------+-------+-------++-------
Melee: Quarterstaff      |     2 |       ||     2
 Cast: Magic Dart        |     6 |     4 ||    10
       Conjure Flame     |     1 |       ||     1
       Mephitic Cloud    |     1 |       ||     1
       Call Imp          |       |     1 ||     1
Evoke: Lightning rod     |     1 |     1 ||     2
  Use: Potion            |     3 |     1 ||     4
       Scroll            |       |     1 ||     1
  Eat: Fruit             |     2 |       ||     2
       Chunk             |     1 |       ||     1
Armor: Skin              |     2 |     2 ||     4
Dodge: Dodged            |     3 |     4 ||     7

Table legend:
 A = Spawn XP
 B = Non-spawn XP
 C = Spawn XP percentage of total XP
 D = Spawn monster count
 E = Non-spawn monster count
 F = Spawn count percentage of total count
 G = Total turns spent on level
                    A         B        C        D         E        F      G
               +---------+---------+-------+---------+---------+-------+---------
         Total |       0 |     143 |   0.0 |       0 |       8 |   0.0 |   348
               +---------+---------+-------+---------+---------+-------+---------
             D |       0 |     143 |   0.0 |       0 |       8 |   0.0 |   348
               +---------+---------+-------+---------+---------+-------+---------
